 Dungeon Crawl Stone Soup version 0.24.1-11-gbbbb2193e6 (webtiles) character file.

Game seed: 13780391402445479546, levelgen mode: deterministic

57362 Peloso the Carver (level 14, -4/169 HPs)
             Began as a Demonspawn Fighter on May 13, 2020.
             Was the Champion of Okawaru.
             Slain by a six-headed hydra (6 damage)
             ... while petrified by a basilisk
             ... on level 12 of the Dungeon on May 14, 2020.
             The game lasted 01:10:44 (24752 turns).

Peloso the Carver (Demonspawn Fighter)             Turns: 24752, Time: 01:10:44

Health: -4/169     AC: 24    Str: 26    XL:     14   Next: 45%
Magic:  0/16       EV:  2    Int:  9    God:    Okawaru [******]
Gold:   1530       SH:  0    Dex: 18    Spells: 13/13 levels left

rFire    + + +     SeeInvis +   a - +6 double sword (elec)
rCold    x . .     Gourm    .   c - +2 buckler {AC+3}
rNeg     + + +     Faith    .   Z - +1 plate armour of the Good {rF+++ rC- rCorr Dex+4}
rPois    ∞         Spirit   +   O - +1 hat {SInv}
rElec    .         Reflect  .   J - scarf {repulsion}
rCorr    +         Harm     .   u - +0 pair of gloves
MR       +....                  (boots unavailable)
Stlth    ..........             (no amulet)
HPRegen  0.38/turn              R - +3 ring of evasion
MPRegen  0.30/turn              X - ring of protection from fire

@: berserking, petrified, repel missiles
A: talons 3, iridescent scales 2, demonic guardian 1, magic shield, magic
regeneration
a: Heroism, Finesse, Renounce Religion


You were on level 12 of the Dungeon.
You worshipped Okawaru.
Okawaru was exalted by your worship.
You were hungry.

You visited 4 branches of the dungeon, and saw 22 of its levels.
You also visited: Ossuary.

You collected 1833 gold pieces.
You spent 303 gold pieces at shops.

Inventory:

Hand Weapons
 a - a +6 double sword of electrocution (weapon)
 b - the +6 scimitar "Lilamoa" {venom, Int+2}
   (Okawaru gifted it to you on level 12 of the Dungeon)

   It poisons the flesh of those it strikes.
   It affects your intelligence (+2).
 h - a +0 spear of flaming
Armour
 c - a +2 buckler of protection (worn)
 u - a +0 pair of gloves (worn)
 J - a scarf of repulsion (worn)
 O - a +1 hat of see invisible (worn)
 Z - the +1 plate armour of the Good (worn) {rF+++ rC- rCorr Dex+4}
   (Okawaru gifted it to you on level 2 of the Orcish Mines)

   It affects your dexterity (+4).
   It renders you almost immune to fire.
   It makes you vulnerable to cold.
   It provides partial protection from all sources of acid and corrosion.
Jewellery
 R - a +3 ring of evasion (left hand)
 X - a ring of protection from fire (right hand)
Wands
 Y - a wand of digging (2)
Scrolls
 k - 6 scrolls of remove curse
 m - 5 scrolls of fear
 v - a scroll of summoning {unknown}
 w - a scroll of acquirement {unknown}
 D - 4 scrolls of noise
 I - 3 scrolls of teleportation
 U - a scroll of blinking {unknown}
Potions
 d - 6 potions of might
 g - 3 potions of agility
 i - 15 potions of curing
 o - a potion of berserk rage
 r - 5 potions of resistance
 z - 2 potions of heal wounds
 B - 3 potions of haste
 F - 7 potions of flight
Comestibles
 f - 30 rations


   Skills:
 + Level 11.0 Fighting
 + Level 14.0 Long Blades
 + Level 0.5 Polearms
 + Level 10.0 Armour
 + Level 6.3 Dodging
 + Level 4.3 Stealth
 + Level 10.8 Shields
 + Level 3.4 Invocations
 + Level 0.6 Evocations


You had 13 spell levels left.
You didn't know any spells.
Your spell library contained the following spells:

 Spells                   Type           Power        Failure   Level  Hunger
 Animate Skeleton         Necr           N/A          98%         1    ##.....
 Pain                     Necr           #...         98%         1    ##.....
 Summon Butterflies       Summ           #.......     98%         1    ##.....
 Call Canine Familiar     Summ           #.......     100%        3    ####...
 Regeneration             Chrm/Necr      #.........   100%        3    ####...
 Vampiric Draining        Necr           #.........   100%        3    ####...
 Animate Dead             Necr           N/A          100%        4    #####..
 Summon Ice Beast         Ice/Summ       #.......     100%        4    #####..
 Summon Mana Viper        Hex/Summ       #.......     100%        5    ######.
 Summon Hydra             Summ           #.........   100%        7    #######


Dungeon Overview and Level Annotations

Branches:
Dungeon (13/15)            Temple (1/1) D:6            Lair (6/6) D:8
  Swamp (0/4) Lair:3       Spider (0/4) Lair:2        Slime (0/5) Lair:6
    Orc (2/2) D:12            Elf (0/3) Orc:2       Ossuary (visited)
 Vaults: D:13-14

Altars:
Ashenzari
Cheibriados
Dithmenos
Elyvilon
Fedhas
Gozag
Hepliaklqana
Kikubaaqudgha
Makhleb
Nemelex Xobeh
Okawaru
Qazlal
Sif Muna
Trog
Uskayaw
Vehumet
Wu Jian
Xom
Yredelemnul
Zin
The Shining One
Beogh
Jiyva

Shops:
D:5 *   D:6 }   Orc:2 }(!*


Innate Abilities, Weirdness & Mutations

You have claws for feet.
You are mostly covered in iridescent scales. (AC +4)
A weak demonic guardian rushes to your aid.
When hurt, damage is shared between your health and your magic reserves.
You regenerate magic rapidly.


Message History

* * * LOW HITPOINT WARNING * * *
The eight-headed hydra bites you but does no damage.
The moth of wrath goads the eight-headed hydra on!
The eight-headed hydra goes berserk!
The six-headed hydra bites you!
* * * LOW HITPOINT WARNING * * *
The six-headed hydra completely misses you.
The six-headed hydra barely misses you.
The six-headed hydra bites you but does no damage. x3
The eight-headed hydra bites you but does no damage. x3
The eight-headed hydra bites you!
* * * LOW HITPOINT WARNING * * *
The eight-headed hydra bites you!
* * * LOW HITPOINT WARNING * * *
The eight-headed hydra bites you. x2
* * * LOW HITPOINT WARNING * * *
The eight-headed hydra bites you but does no damage.
The moth of wrath bites you!
* * * LOW HITPOINT WARNING * * *
The six-headed hydra barely misses you. The six-headed hydra bites you!
You die...

#########.......#####...##
...#..........###...###..#
...#.####.....#.......##.#
...#.# #..≈..#...#.#..#.#
...#.# #..≈..#...#.#..#.#
...#.####[...##.#....$##.#
...#.#.......#.#...#.)#..##
...#.#.##....#...#©.[!#©..#
...#.#.##....##.@yl.#)#...#
.......>#....©#D#D..#(##..#
...#.#..#....##..##D#.D#..#
...#.#..####.#©..#...#.#..#
...#.#..# #.##..D.#..##..#
.....#..# #..##......#...#
.#.####### #...#####.##...#
.#[#8...8# #.......###...##
.#(#.....# #..####.....#.#


You could see an eight-headed hydra (berserk), a six-headed hydra (berserk), a
moth of wrath, a basilisk and an acid dragon.

Vanquished Creatures
  Gastronok (D:8)
  The ghost of Wivivin the Impaler, a journeyman MfBe of Trog (D:12)
  Snorg (Orc:1)
  The ghost of destino the Transmogrifier, a journeyman OpTm of Ru (Lair:2)
  An ice dragon (D:12)
  The ghost of Bor Anoo the Slinger, a journeyman DsWr of Qazlal (Lair:2)
  3 catoblepae
  2 hydras
  The ghost of lysyklops the Blocker, a journeyman GrFi of Okawaru (Lair:2)
  3 two-headed ogres
  A death yak (Lair:5)
  Sonja (Lair:2)
  A sea snake (shapeshifter) (D:13)
  2 unseen horrors
  The ghost of Ykky the Bolt Thrower, a novice HaAM (D:6)
  A harpy (D:12)
  Pikel (D:5)
  9 orc sorcerers
  A cyclops (Orc:1)
  2 gargoyles (D:12)
  3 black mambas
  15 spiny frogs
  2 rime drakes
  4 komodo dragons
  3 kobold demonologists
  A tengu conjurer (D:12)
  2 trolls
  4 tyrant leeches (Lair:6)
  A polar bear (Lair:2)
  A hornet (D:10)
  10 hippogriffs
  27 blink frogs
  A redback (Lair:2)
  2 wyverns
  Sigmund (D:2)
  23 yaks
  A wraith (D:12)
  3 basilisks
  A steam dragon (D:8)
  8 vampire mosquitoes
  2 hungry ghosts
  6 wargs (Orc:2)
  An acid dragon (D:10)
  A soldier ant (D:11)
  12 water moccasins
  2 porcupines
  10 orc warriors
  4 ice beasts
  A phantom (D:11)
  6 sky beasts
  A slave (D:5)
  2 black bears
  An eye of draining (D:12)
  7 ogres
  10 wolves
  7 centaurs
  13 crocodiles
  7 big kobolds
  25 bullfrogs
  8 gnoll sergeants
  A scorpion (D:10)
  5 killer bees (D:10)
  6 wights
  5 howler monkeys
  An electric eel (Lair:6)
  7 crimson imps
  A bullfrog zombie (D:5)
  A centaur zombie (Ossuary)
  Crazy Yiuf (D:6)
  A jelly (D:8)
  3 centaur skeletons (D:11)
  11 orc priests
  4 bullfrog skeletons
  7 hounds
  31 orc wizards
  3 gnoll shamans
  10 worker ants
  2 big kobold zombies (Ossuary)
  A hound zombie (D:8)
  2 hound skeletons
  3 mummies (Ossuary)
  2 worker ant zombies
  Robin (D:2)
  19 gnolls
  A howler monkey zombie (D:5)
  9 adders
  A shadow imp (D:5)
  An ooze (D:5)
  3 adder skeletons
  3 worms
  3 leopard geckos
  54 orcs
  2 ball pythons
  9 giant cockroaches
  2 gnoll zombies (Ossuary)
  8 goblins
  5 hobgoblins
  11 jackals
  18 kobolds
  5 bats
  5 frilled lizards
  A kobold zombie (Ossuary)
  A leopard gecko skeleton (D:8)
  2 orc zombies (Ossuary)
  2 quokka zombies (D:4)
  6 rats
  A bush (D:2)
  A fungus (Lair:6)
556 creatures vanquished.

Vanquished Creatures (collateral kills)
  A hydra (Lair:3)
  An orc high priest (Orc:1)
  3 spiny frogs
  A komodo dragon (Lair:5)
  A troll (D:12)
  A blink frog (Lair:6)
  Grinder (D:6)
  A hippogriff (Lair:2)
  A yak (D:12)
  A basilisk (Lair:3)
  A vampire mosquito (D:12)
  A water moccasin (Lair:5)
  An orc warrior (Orc:1)
  2 centaurs
  3 ogres
  A big kobold (D:13)
  2 orc priests
  An orc wizard (D:6)
  4 gnolls
  A shadow imp (D:10)
  A dart slug (D:2)
  12 orcs
  A giant cockroach (D:2)
  2 goblins (D:2)
  A hobgoblin (D:2)
  A jackal (D:5)
  4 kobolds
  A quokka (D:5)
  A rat (D:2)
53 creatures vanquished.

Vanquished Creatures (others)
  A centaur (D:6)
  A wight (D:6)
  An adder (D:6)
  A leopard gecko (D:6)
  3 orcs (D:6)
  9 fungi (Lair:6)
  38 plants
54 creatures vanquished.

Grand Total: 663 creatures vanquished

Notes
Turn   | Place    | Note
-------+----------+-------------------------------------------
     0 | D:1      | Peloso the Demonspawn Fighter began the quest for the Orb.
     0 | D:1      | Reached XP level 1. HP: 18/18 MP: 1/1
   148 | D:1      | Gained mutation: You are partially covered in iridescent
                  | scales. (AC +2) [demonic ancestry]
   148 | D:1      | Reached XP level 2. HP: 24/24 MP: 2/2
   221 | D:1      | Reached skill level 2 in Long Blades
   544 | D:2      | Found a stormy altar of Qazlal.
   544 | D:2      | Noticed Sigmund
   548 | D:2      | Killed Sigmund
   548 | D:2      | Reached skill level 3 in Long Blades
   548 | D:2      | Reached XP level 3. HP: 28/30 MP: 3/3
   548 | D:2      | Reached XP level 4. HP: 34/37 MP: 4/4
   548 | D:2      | Gained mutation: A weak demonic guardian rushes to your
                  | aid. [demonic ancestry]
   548 | D:2      | Reached XP level 5. HP: 39/42 MP: 5/5
   549 | D:2      | Found a blossoming altar of Fedhas.
   563 | D:2      | Noticed an ogre
   568 | D:2      | Killed an ogre
   732 | D:2      | Noticed Robin
  1071 | D:2      | Killed Robin
  1071 | D:2      | Gained mutation: You have sharp toenails. [demonic
                  | ancestry]
  1071 | D:2      | Reached XP level 6. HP: 48/48 MP: 6/6
  1084 | D:2      | Found a sparkling altar of Nemelex Xobeh.
  1194 | D:2      | Noticed a sky beast
  1212 | D:2      | Killed a sky beast
  1212 | D:2      | Reached skill level 1 in Dodging
  1625 | D:3      | Reached skill level 4 in Long Blades
  2252 | D:3      | Found a faded altar of an unknown god.
  2265 | D:3      | Gained mutation: When hurt, damage is shared between your
                  | health and your magic reserves. [demonic ancestry]
  2265 | D:3      | Reached XP level 7. HP: 46/55 MP: 7/7
  2399 | D:3      | Found a hazy altar of Hepliaklqana.
  2953 | D:4      | Reached skill level 5 in Long Blades
  3044 | D:4      | Found a sand-covered staircase.
  3052 | Ossuary  | Entered an ossuary
  3224 | Ossuary  | Reached skill level 1 in Stealth
  3224 | Ossuary  | Gained mutation: You have razor-sharp toenails. [demonic
                  | ancestry]
  3224 | Ossuary  | Reached XP level 8. HP: 52/61 MP: 8/8
  3607 | D:5      | Entered Level 5 of the Dungeon
  3772 | D:5      | Reached skill level 5 in Fighting
  3919 | D:5      | Reached skill level 6 in Long Blades
  3919 | D:5      | Reached skill level 5 in Shields
  3946 | D:5      | Found a glowing silver altar of Zin.
  4346 | D:5      | Found Uchumus's Assorted Antiques.
  4395 | D:6      | Noticed Pikel
  4432 | D:5      | Killed Pikel
  4432 | D:5      | Reached skill level 5 in Armour
  4432 | D:5      | Reached XP level 9. HP: 49/68 MP: 9/9
  4477 | D:6      | Noticed Grinder
  4486 | D:6      | Killed Grinder
  4486 | D:6      | Reached skill level 7 in Long Blades
  4522 | D:6      | Found a transporter.
  4613 | D:6      | Got a wavering ruby amulet
  4622 | D:6      | Identified the amulet "Biebod" {Faith *Corrode rN++} (You
                  | found it on level 6 of the Dungeon)
  4650 | D:6      | Found a staircase to the Ecumenical Temple.
  4682 | Temple   | Entered the Ecumenical Temple
  4756 | Temple   | Became a worshipper of Warmaster Okawaru
  5074 | D:6      | Noticed Ykky's ghost (novice HaAM)
  5081 | D:6      | Found a transporter.
  5225 | D:6      | Found Tiba Yn Wiod's Gadget Shop.
  5276 | D:6      | Found a runed translucent door.
  5277 | D:6      | Noticed Crazy Yiuf
  5352 | D:6      | Paralysed by Crazy Yiuf for 4 turns
  5362 | D:6      | Killed Crazy Yiuf
  6042 | D:7      | Found a glowing golden altar of the Shining One.
  6553 | D:8      | Reached skill level 8 in Long Blades
  6578 | D:8      | Reached * piety under Okawaru
  6664 | D:8      | Noticed Gastronok
  6682 | D:8      | Killed Gastronok
  6682 | D:8      | Reached ** piety under Okawaru
  6682 | D:8      | Reached *** piety under Okawaru
  6682 | D:8      | Reached skill level 9 in Long Blades
  6682 | D:8      | Reached XP level 10. HP: 22/77 MP: 3/10
  7102 | D:8      | Found a staircase to the Lair.
  7717 | D:9      | Noticed a two-headed ogre
  7728 | D:9      | Killed a two-headed ogre
  7728 | D:9      | Reached **** piety under Okawaru
  7967 | D:10     | Entered Level 10 of the Dungeon
  8000 | D:10     | Noticed an unseen horror
  8003 | D:10     | Noticed a two-headed ogre
  8019 | D:10     | Killed a two-headed ogre
  8028 | D:10     | Killed an unseen horror
  8028 | D:10     | Reached skill level 10 in Long Blades
  8028 | D:10     | Gained mutation: You have claws for feet. [demonic
                  | ancestry]
  8028 | D:10     | Reached XP level 11. HP: 33/84 MP: 5/11
  8635 | D:10     | Reached skill level 1 in Invocations
  9167 | D:10     | Reached ***** piety under Okawaru
  9322 | Lair:1   | Entered Level 1 of the Lair of Beasts
 10716 | Lair:2   | Found a hole to the Spider Nest.
 10757 | Lair:2   | Noticed Sonja
 10888 | Lair:2   | Found a runed translucent gate.
 10889 | Lair:2   | Found a runed translucent gate.
 10890 | Lair:2   | Found a runed translucent gate.
 10891 | Lair:2   | Noticed lysyklops's ghost (journeyman GrFi)
 10891 | Lair:2   | Noticed destino's ghost (journeyman OpTm)
 10891 | Lair:2   | Noticed Bor Anoo's ghost (journeyman DsWr)
 10907 | Lair:2   | Killed Sonja
 10907 | Lair:2   | Received a gift from Okawaru
 11821 | Lair:3   | Reached skill level 11 in Long Blades
 11933 | Lair:3   | Noticed a four-headed hydra
 11943 | Lair:3   | Killed a four-headed hydra
 12326 | Lair:3   | Noticed a six-headed hydra
 12337 | Lair:3   | Killed a six-headed hydra
 12337 | Lair:3   | Gained mutation: You regenerate magic rapidly. [demonic
                  | ancestry]
 12337 | Lair:3   | Reached XP level 12. HP: 79/94 MP: 8/13
 12364 | Lair:3   | Found a staircase to the Swamp.
 13152 | D:11     | Reached skill level 5 in Dodging
 13920 | D:6      | Killed Ykky's ghost
 14489 | D:12     | Received a gift from Okawaru
 14603 | D:12     | Found a transporter.
 14642 | D:12     | Noticed a catoblepas
 14642 | D:12     | Noticed an eight-headed hydra
 14643 | D:12     | Noticed Wivivin's ghost (journeyman MfBe)
 14651 | D:12     | Found a transporter.
 14669 | D:12     | Noticed a six-headed hydra
 14671 | D:12     | Noticed an ice dragon
 14694 | D:12     | Found a staircase to the Orcish Mines.
 15617 | D:12     | Received a gift from Okawaru
 15621 | D:12     | Got a transparent scimitar {god gift}
 15622 | D:12     | Identified the +6 scimitar "Lilamoa" {venom, Int+2}
                  | (Okawaru gifted it to you on level 12 of the Dungeon)
 15817 | Orc:1    | Entered Level 1 of the Orcish Mines
 15817 | Orc:1    | Noticed an orc high priest
 16111 | Orc:1    | Killed an orc high priest
 16118 | Orc:1    | Reached skill level 12 in Long Blades
 16733 | Orc:1    | Noticed Snorg
 16742 | Orc:1    | Killed Snorg
 16742 | Orc:1    | Reached XP level 13. HP: 93/102 MP: 11/14
 16857 | Orc:2    | Entered Level 2 of the Orcish Mines
 17206 | Orc:2    | Reached skill level 10 in Shields
 17233 | Orc:2    | Found Pino's Gadget Boutique.
 17233 | Orc:2    | Found Acuinlov's Weapon Emporium.
 17270 | Orc:2    | Bought a wand of digging (5) for 270 gold pieces
 17472 | Orc:2    | Received a gift from Okawaru
 17480 | Orc:2    | Got a shimmering plate armour {god gift}
 17491 | Orc:2    | Identified the +1 plate armour of the Good {rF+++ rC- rCorr
                  | Dex+4} (Okawaru gifted it to you on level 2 of the Orcish
                  | Mines)
 17515 | Orc:2    | Found a staircase to the Elven Halls.
 17602 | Orc:2    | Found Tyfoget's General Store.
 17602 | Orc:2    | Found Luiffo's Distillery.
 17647 | Orc:2    | Bought a potion of flight for 33 gold pieces
 17680 | Orc:2    | Found a roughly hewn altar of Beogh.
 17780 | Orc:2    | Found a roughly hewn altar of Beogh.
 18688 | Lair:4   | Reached skill level 10 in Fighting
 19477 | Lair:2   | Killed destino's ghost
 19494 | Lair:2   | Killed lysyklops's ghost
 19494 | Lair:2   | Reached skill level 13 in Long Blades
 19557 | Lair:2   | Killed Bor Anoo's ghost
 20570 | Lair:5   | HP: 4/104 [death yak (6)]
 21770 | Lair:6   | Entered Level 6 of the Lair of Beasts
 21875 | Lair:6   | Gained mutation: You are mostly covered in iridescent
                  | scales. (AC +4) [demonic ancestry]
 21875 | Lair:6   | Reached XP level 14. HP: 96/111 MP: 16/16
 21925 | Lair:6   | Reached ****** piety under Okawaru
 22539 | Lair:6   | Found a viscous altar of Jiyva.
 22550 | Lair:6   | Found a staircase to the Slime Pits.
 22775 | Lair:6   | Received a gift from Okawaru
 23120 | Lair:6   | Reached skill level 14 in Long Blades
 24179 | D:12     | Reached skill level 10 in Armour
 24189 | D:12     | Killed Wivivin's ghost
 24752 | D:12     | HP: 7/169 [eight-headed hydra (2)]
 24752 | D:12     | HP: 2/169 [moth of wrath (5)]
 24752 | D:12     | Slain by a six-headed hydra

Levels and vault maps discovered:
D:1:      psy_arrival_conway, layout_rooms
D:2:      layout_basic, grunt_temple_overflow_forces_of_nature,
          old_standard_altar, first_ration, uniq_robin, uniq_sigmund
D:3:      layout_basic, nicolae_overflow_crystal_walls,
          chequers_ecumenical_altar_simple, minmay_quantized
D:4:      layout_cave_pools, enter_ossuary_4
D:5:      layout_cave_pools, lemuel_doored_altar, serial_shops,
          nicolae_shop_stone
D:6:      nicolae_whirlpool, layout_basic, minmay_temple_entry_statues,
          gammafunk_ghost_gnarly_gnolls, serial_shops, shop, uniq_pikel,
          uniq_grinder, uniq_crazy_yiuf_cottage
D:7:      layout_rooms, tso_oasis_becter, serial_co_window_serial,
          co_window_corner_a, co_window_of_opportunity_a, co_window_corner_a,
          co_window_paths_b, co_window_paths_b, co_window_corner_a,
          co_window_of_opportunity_a, co_window_corner_cb,
          co_window_of_opportunity_c, co_window_broadway_a,
          co_window_broadway_b, co_window_4corner_a, glass_columns_c,
          glass_columns_b, glass_columns_a, glass_columns_a, glass_columns_c
D:8:      layout_loops_ring, lair_entry_dummy, blue_anna_alchemist
          [blue_anna_fruit_fields, blue_anna_fruit_fields], uniq_gastronok
D:9:      layout_basic, statue_in_the_mist_lemuel
D:10:     layout_basic, kennysheep_small_square
D:11:     layout_rooms
D:12:     layout_basic, kennysheep_orc_monster_closet_entryway,
          gammafunk_ghost_berserking_beasts
D:13:     minmay_the_grid_square_5x5_5x5 [minmay_the_grid_square_5x5_tri_point,
          minmay_the_grid_square_5x5_minivault,
          minmay_the_grid_square_5x5_eight_small,
          minmay_the_grid_square_5x5_minimal,
          minmay_the_grid_square_5x5_inner_i,
          minmay_the_grid_square_5x5_n_small,
          minmay_the_grid_square_5x5_prize_monsterx,
          minmay_the_grid_square_5x5_one_wall,
          minmay_the_grid_square_5x5_prize_waves,
          minmay_the_grid_square_5x5_lines, minmay_the_grid_square_5x5_dogpile,
          minmay_the_grid_square_5x5_comb,
          minmay_the_grid_square_5x5_prize_open,
          minmay_the_grid_square_5x5_trominoes,
          minmay_the_grid_square_5x5_corner, minmay_the_grid_square_5x5_slash,
          minmay_the_grid_square_5x5_prize_snowflake,
          minmay_the_grid_square_5x5_inner_z,
          minmay_the_grid_square_5x5_prize_open,
          minmay_the_grid_square_5x5_eight,
          minmay_the_grid_square_5x5_broken_cross,
          minmay_the_grid_square_5x5_pentomino_r,
          minmay_the_grid_square_5x5_seven, minmay_the_grid_square_5x5_percent,
          minmay_the_grid_square_5x5_two_small], layout_rooms
Temple:   eino_temple_rhombus
Lair:1:   layout_misc_corridors, guppyfry_lair_drakes, grunt_megastairs_2,
          infiniplex_staircase_pool_2
Lair:2:   layout_layer_cave, spider_nest_entry_a, gammafunk_ghost_cemetery,
          serial_forest, infiniplex_forest_lined_2, infiniplex_forest_corner_1,
          infiniplex_forest_lined_room_3, infiniplex_forest_clump_double,
          infiniplex_forest_clump_medium, infiniplex_forest_lined_corner,
          infiniplex_forest_end_2, uniq_sonja
Lair:3:   layout_misc_corridors, swamp_mist, lemuel_fruit_tree
Lair:4:   layout_loops_ring, grunt_forest_small_clearing_treed,
          grunt_megastairs_4, infiniplex_staircase_pool
Lair:5:   layout_gridlike, nicolae_lair_yak_garden
Lair:6:   minmay_lair_end_frog_pond, layout_long_grid, slime_altar_1,
          st_stairs_5
Orc:1:    layout_caves, nicolae_orc_rockfall, uniq_snorg
Orc:2:    st_orc_town, layout_caves, lemuel_statue_altar

Skill      XL: |  1  2  3  4  5  6  7  8  9 10 11 12 13 14 |
---------------+-------------------------------------------+-----
Long Blades    | 3 4 5 6 9 10 11 12 13 14 | 14.0
Armour         | 3 4 5 6 7 8 9 10 | 10.0
Shields        | 3 4 5 7 8 9 10 | 10.8
Fighting       | 4 5 6 7 8 9 10 11 | 11.0
Dodging        | 1 2 3 4 5 6 |  6.3
Stealth        | 1 2 3 4 |  4.3
Invocations    | 1 2 3 |  3.4
Polearms       | |  0.5
Evocations     | |  0.6

Action                   |  1- 3 |  4- 6 |  7- 9 | 10-12 | 13-15 || total
-------------------------+-------+-------+-------+-------+-------++-------
Melee: Long sword        |    46 |   240 |   479 |   668 |       ||  1433
       Kick              |       |    82 |   110 |   256 |   290 ||   738
       Spear             |       |       |       |    12 |     6 ||    18
       Scimitar          |       |       |       |    77 |   572 ||   649
       Double sword      |       |       |       |       |    76 ||    76
Invok: Heroism           |       |       |     1 |    24 |     9 ||    34
       Finesse           |       |       |       |       |     1 ||     1
Evoke: Wand              |       |       |       |     4 |     3 ||     7
  Use: Potion            |     1 |       |     1 |     1 |     4 ||     7
       Scroll            |       |     3 |     8 |     9 |    14 ||    34
 Stab: Distracted        |       |       |     1 |     7 |     5 ||    13
       Paralysed         |       |       |       |     5 |       ||     5
  Eat: Chunk             |       |     5 |     9 |    28 |    16 ||    58
       Ration            |       |       |     2 |     1 |     3 ||     6
Armor: Scale mail        |    36 |    87 |   178 |   209 |    24 ||   534
       Plate armour      |       |       |       |       |   333 ||   333
Dodge: Dodged            |    15 |    55 |   148 |   476 |   286 ||   980
       Deflected         |       |       |    12 |    16 |     7 ||    35
Block: Shield            |    22 |    82 |   264 |   179 |       ||   547
       Buckler           |       |       |       |   277 |   256 ||   533
       Rpst.: Long sword |     7 |    24 |    37 |    90 |       ||   158
       Scimitar          |       |       |       |    14 |    88 ||   102
       Double sword      |       |       |       |       |    11 ||    11
